Map: Blackburn LE

Players

DPGZest (Zest)

  • Race: Protoss Protoss

Serral - Winner!

  • Race: Zerg Zerg

Event: TSL 7

VOD

Have the link to the VOD?

Description

Time

  • Played on: June 13, 2021, 2:20 p.m.
  • Length: 11:15

All games in this series

Show
View Real Time Build Order
Export as new Build Order

DPGZest Protoss 

Build Orders: 1 Gate Expand, Oracle Opening, Carriers 

Get SALT Encoding   

  12  0:00  Probe  
  13  0:12  Probe  
  14  0:20  Pylon  
  14  0:24  Probe  
  15  0:38  Probe (Chrono Boost)  
  15  0:39  Gateway  
  16  0:47  Probe (Chrono Boost)  
  16  0:49  Assimilator  
  17  0:52  Probe (Chrono Boost)  
  18  1:04  Probe  
  19  1:16  Probe  
  20  1:25  Nexus  
  20  1:36  Cybernetics Core  
  20  1:40  Probe  
  20  1:45  Assimilator  
  21  1:52  Probe  
  22  1:55  Pylon  
  22  2:04  Probe (Chrono Boost)  
  23  2:13  Adept  
  23  2:15  Probe (Chrono Boost)  
  26  2:18  Stargate  
  26  2:20  Probe (Chrono Boost)  
  27  2:25  Warp Gate  
  27  2:32  Probe (Chrono Boost)  
  28  2:38  Probe (Chrono Boost)  
  28  2:43  Stalker  
  32  2:47  Probe x2 (Chrono Boost)  
  33  2:52  Probe (Chrono Boost)  
  33  2:54  Probe  
  35  2:59  Oracle (Chrono Boost)  
  35  3:04  Probe  
  39  3:06  Probe  
  39  3:10  Pylon  
  40  3:16  Probe  
  40  3:19  Probe  
  42  3:20  Gateway  
  42  3:28  Probe, Oracle (Chrono Boost)  
  42  3:31  Probe  
  47  3:36  Assimilator x2  
  47  3:42  Probe  
  47  3:43  Probe  
  47  3:48  Pylon  
  49  3:54  Probe  
  49  3:55  Probe  
  51  3:57  Pylon  
  51  4:01  Stargate  
  51  4:06  Probe  
  51  4:07  Probe  
  53  4:18  Probe  
  53  4:19  Probe, Fleet Beacon  
  53  4:23  Adept x2  
  59  4:42  Nexus  
  59  4:49  Pylon  
  59  4:59  Probe x2  
  61  5:03  Carrier x2 (Chrono Boost)  
  61  5:12  Pylon  
  61  5:13  Probe x2  
  75  5:25  Probe x2  
  77  5:33  Forge  
  77  5:34  Pylon  
  77  5:36  Protoss Air Weapons Level 1 (Chrono Boost)  
  77  5:37  Probe x2  
  79  5:47  Shield Battery  
  79  5:49  Probe x2  
  81  5:59  Carrier (Chrono Boost)  
  81  6:03  Probe x2, Carrier (Chrono Boost)  
  81  6:04  Probe  
  90  6:10  Pylon  
  96  6:12  Assimilator  
  96  6:15  Probe  
  96  6:16  Probe  
  96  6:17  Assimilator  
  98  6:25  Shield Battery  
  98  6:47  Probe x2  
  98  6:53  Twilight Council  
  100  6:57  Carrier x2 (Chrono Boost)  
  112  7:03  Pylon  
  112  7:04  Pylon  
  111  7:09  Probe x3  
  111  7:11  Photon Cannon  
  114  7:16  Protoss Ground Weapons Level 1  
  114  7:17  Gateway  
  114  7:21  Probe x3, Gateway x2  
  117  7:33  Probe  
  117  7:34  Charge (Chrono Boost)  
  117  7:35  Gateway  
  117  7:36  Gateway  
  118  7:38  Templar Archives  
  118  7:53  Void Ray (Chrono Boost)  
  112  8:03  Void Ray (Chrono Boost)  
  120  8:07  Flux Vanes  
  120  8:08  Probe  
  121  8:18  Gateway  
  121  8:19  Gateway  
  121  8:20  High Templar x2, Sentry  
  121  8:23  Photon Cannon, Shield Battery  
  121  8:24  Archon  
  121  8:25  Void Ray (Chrono Boost)  
  121  8:26  Shield Battery  
  127  8:28  Shield Battery  
  127  8:30  Pylon  
  131  8:48  Void Ray (Chrono Boost)  
  129  8:58  Gateway  
  129  9:00  Gateway  
  129  9:02  High Templar x2, Nexus  
  131  9:03  Sentry x2  
  131  9:05  Void Ray (Chrono Boost), Pylon  
  131  9:09  Pylon  
  137  9:10  Pylon  
  137  9:14  Archon  
  141  9:24  Shield Battery  
  141  9:25  Shield Battery  
  141  9:26  Shield Battery  
  141  9:27  Shield Battery  
  137  9:37  Zealot x9  
  135  9:57  Zealot x11  
  95  10:18  Stalker x6  
  95  10:19  Stalker  
  91  10:21  Zealot  
  91  10:27  High Templar x3  
  99  10:31  Archon  
  99  10:37  Robotics Facility  
  99  10:43  Zealot x3  
  99  10:47  Zealot x2  
  103  10:54  Zealot x3  
Show
View Real Time Build Order
Export as new Build Order

Serral Zerg - Winner!

Build Orders: Hatch First 

Get SALT Encoding   

  12  0:00  Drone  
  13  0:12  Overlord  
  13  0:17  Drone  
  14  0:30  Drone x2  
  16  0:42  Drone  
  17  0:51  Hatchery  
  17  0:55  Drone  
  17  0:59  Drone  
  18  1:08  Extractor  
  17  1:13  Spawning Pool  
  17  1:17  Drone  
  17  1:20  Drone  
  18  1:28  Drone  
  19  1:38  Drone  
  20  1:48  Overlord  
  20  2:00  Queen  
  22  2:04  Queen  
  22  2:05  Zergling x4  
  26  2:11  Drone, Metabolic Boost  
  26  2:14  Drone  
  28  2:21  Drone  
  29  2:25  Drone  
  30  2:32  Drone  
  30  2:35  Queen  
  33  2:47  Hatchery  
  33  2:50  Drone  
  33  2:53  Overlord  
  33  2:55  Drone  
  33  2:57  Drone  
  35  3:01  Drone  
  35  3:04  Overlord  
  36  3:15  Drone x4  
  36  3:18  Drone x3  
  43  3:22  Spore Crawler  
  43  3:27  Drone  
  43  3:28  Queen  
  45  3:34  Queen  
  45  3:37  Overlord  
  45  3:40  Drone  
  48  3:42  Zergling x2  
  48  3:48  Drone  
  49  3:51  Zergling x6  
  49  3:52  Overlord  
  49  3:54  Overlord  
  52  4:00  Queen  
  54  4:03  Spore Crawler  
  54  4:05  Drone  
  54  4:06  Drone  
  54  4:09  Drone x2  
  57  4:11  Drone  
  57  4:13  Drone  
  57  4:16  Drone  
  57  4:17  Drone  
  61  4:20  Drone x2  
  61  4:23  Spore Crawler  
  62  4:26  Drone  
  62  4:28  Drone x2  
  62  4:29  Drone  
  62  4:30  Drone  
  67  4:34  Overlord  
  67  4:36  Zergling x2  
  67  4:37  Zergling x2  
  68  4:40  Drone  
  68  4:44  Drone, Roach Warren  
  69  4:48  Lair  
  69  4:50  Extractor x2, Drone  
  69  4:52  Drone  
  69  4:57  Overlord  
  69  4:58  Drone, Evolution Chamber  
  69  4:59  Drone  
  70  5:00  Drone  
  70  5:02  Drone x2  
  70  5:05  Overlord  
  73  5:09  Drone x3  
  73  5:11  Drone x2  
  73  5:13  Drone  
  79  5:19  Drone x2  
  81  5:23  Extractor, Overlord  
  81  5:25  Zerg Melee Weapons Level 1  
  81  5:28  Extractor x2, Queen x2  
  81  5:32  Drone x3  
  81  5:33  Drone  
  86  5:37  Drone x3  
  86  5:39  Overlord  
  89  5:50  Drone x2  
  89  5:51  Drone x2  
  89  5:52  Hatchery  
  92  5:58  Spire  
  92  5:59  Drone x2  
  93  6:04  Drone x2  
  93  6:07  Spore Crawler  
  93  6:08  Spore Crawler  
  93  6:09  Overlord, Glial Reconstitution  
  92  6:13  Drone x2  
  92  6:14  Drone  
  92  6:16  Drone x2  
  97  6:18  Drone  
  97  6:19  Drone  
  97  6:21  Drone, Spore Crawler  
  97  6:24  Overseer  
  99  6:28  Extractor  
  99  6:29  Extractor, Drone x6  
  99  6:30  Drone  
  104  6:38  Overlord  
  104  6:40  Overlord  
  104  6:43  Queen x2  
  104  6:45  Queen  
  110  6:50  Roach x3  
  118  7:01  Roach x3  
  118  7:05  Overlord  
  118  7:07  Overlord  
  122  7:11  Overlord  
  122  7:12  Overlord  
  122  7:14  Corruptor x4  
  130  7:17  Zerg Flyer Weapons Level 1  
  130  7:23  Corruptor x2  
  134  7:30  Corruptor x3  
  140  7:38  Overlord x2  
  140  7:41  Overlord  
  136  7:57  Corruptor x9  
  150  8:03  Zerg Missile Weapons Level 1  
  148  8:06  Corruptor x2  
  148  8:07  Corruptor  
  152  8:14  Corruptor x2  
  156  8:21  Corruptor  
  156  8:23  Corruptor  
  156  8:26  Zergling x18  
  169  8:29  Overlord  
  169  8:30  Overlord  
  169  8:32  Roach  
  171  8:37  Roach  
  171  8:38  Roach x3  
  179  8:41  Roach  
  179  8:42  Roach  
  183  8:49  Corruptor  
  183  8:52  Roach  
  183  8:53  Roach x6  
  197  9:03  Ravager x3  
  199  9:20  Hatchery  
  199  9:22  Infestation Pit  
  197  9:24  Ravager x2  
  198  9:35  Roach x3  
  198  9:36  Roach  
  200  9:52  Roach x2  
  194  9:53  Roach x8  
  194  9:58  Roach x2  
  196  10:03  Roach x3  
  198  10:12  Roach x9  
  193  10:17  Queen x3  
  193  10:25  Ravager x2  
  193  10:26  Ravager x4  
  194  10:28  Roach  
  194  10:29  Roach x2  
  199  10:46  Roach  
  193  10:55  Roach x7  
Tags
 
Add a new tag
Caveats
  • Supply blocks, unpowered buildings, or Contaminate may cause inaccurate times.
  • Supply counts are checked every 10 seconds.